 Dungeon Crawl Stone Soup version 0.13-a0-2236-g7be3fc8 (webtiles) character file.

278 Kae the Chiller (level 5, 0/35 HPs)
             Began as a Merfolk Ice Elementalist on July 4, 2013.
             Slain by an orc wizard
             ... wielding a +1,+2 orcish dagger
              (4 damage)
             ... on Level 2 of the Dungeon.
             The game lasted 00:05:12 (2659 turns).

Kae the Chiller (Merfolk Ice Elementalist)          Turns: 2659, Time: 00:05:12

HP   0/35        AC  2     Str 10      XL: 5   Next:  5%
MP   0/9         EV 13     Int 14      God:
Gold 157         SH  0     Dex 14      Spells:  2 memorised,  5 levels left

Res.Fire  : . . .   See Invis. : .   (no weapon)
Res.Cold  : . . .   Warding    : .   a - +0 robe
Life Prot.: . . .   Conserve   : .   (no shield)
Res.Poison: .       Res.Corr.  : .   (no helmet)
Res.Elec. : .       Clarity    : .   (no cloak)
Sust.Abil.: . .     Spirit.Shd : .   (no gloves)
Res.Mut.  : .       Stasis     : .   (no boots)
Res.Rott. : .       Flight     : .   (no amulet)
Saprovore : . . .                    (no ring)
                                     (no ring)

@: slightly resistant to hostile enchantments, fairly stealthy
A: change form in water, swift swim
a: no special abilities


You were on level 2 of the Dungeon.
You were near starving.

You visited 1 branch of the dungeon, and saw 3 of its levels.

You collected 137 gold pieces.

Inventory:

Armour
 a - a +0 robe (worn)
Comestibles
 c - a bread ration
 h - an apple
 k - 2 cheeses
 l - 2 meat rations
 o - a choko
Scrolls
 d - 2 scrolls of identify {unknown}
 e - 3 scrolls of remove curse {unknown}
 f - a scroll of magic mapping {unknown}
 j - a scroll of fog {unknown}
 m - a scroll of recharging {unknown}
 q - a scroll of amnesia {unknown}
Jewellery
 s - an uncursed ring of flight {unknown}
Potions
 g - a potion of flight {unknown}
 i - a potion of degeneration {unknown}
 n - a potion of brilliance {unknown}
 p - a potion of poison {unknown}
 r - a potion of confusion {unknown}
Books
 b - a book of Frost

   Spells                             Type                      Level
   *Freeze                            Ice                          1
   *Throw Frost                       Conjuration/Ice              2
   Ozocubu's Armour                   Charms/Ice                   3
   Throw Icicle                       Conjuration/Ice              4
   Summon Ice Beast                   Ice/Summoning                4
   Condensation Shield                Ice                          4


   Skills:
 - Level 2.6 Dodging
 - Level 2.3 Stealth
 + Level 2.0 Spellcasting
 * Level 2.3 Conjurations
 * Level 4.5 Ice Magic


You had 5 spell levels left.
You knew the following spells:

 Your Spells              Type           Power        Failure   Level  Hunger
a - Freeze                Ice            ##..         3%          1    ##.....
b - Throw Frost           Conj/Ice       ##....       12%         2    ###....


Dungeon Overview and Level Annotations

Branches:
Dungeon (3/27)

Altars:


Message History

The orc wizard barely misses you.
You hit the orc wizard.
The orc wizard is almost dead.
The orc wizard hits you with an orcish dagger.
The orc wizard closely misses you.
You barely miss the orc wizard.
The orc wizard is almost dead.
The orc wizard hits you with an orcish dagger.
* * * LOW HITPOINT WARNING * * *
You barely miss the orc wizard.
The orc wizard is almost dead.
The orc wizard glows brightly for a moment.
The orc wizard casts a spell.
The orc wizard flickers and vanishes!
Deactivating autopickup; reactivate with Ctrl-A.
You miss it. It hits you but does no damage.
You barely miss it. It hits you.
* * * LOW HITPOINT WARNING * * *
It hits you.
You die...

#.............
#.....########
#.....# #.....#
##### #.....# #....
#.....# #....
######.....####....
#..........%.......
#.@........####....
#......###........#
#......# #.........
#......# #........#
#......###.#####.##
#..................
#......###...###.##
#####..# #...# #.#
#..###...###.#


There were no monsters in sight!

Vanquished Creatures
  Ijyb (D:3)
  3 adders (D:2)
  A giant gecko (D:2)
  2 orcs (D:3)
  4 giant cockroaches
  3 goblins
  7 hobgoblins
  A jackal (D:1)
  2 quokkas (D:2)
  8 bats
  3 giant newts
  9 kobolds
  38 rats
82 creatures vanquished.

Notes
Turn   | Place    | Note
--------------------------------------------------------------
     0 | D:1      | Kae, the Merfolk Ice Elementalist, began the quest for the Orb.
     0 | D:1      | Reached XP level 1. HP: 13/13 MP: 3/3
   171 | D:1      | Reached XP level 2. HP: 5/19 MP: 1/4
   341 | D:1      | Learned a level 2 spell: Throw Frost
   586 | D:1      | Reached skill level 1 in Conjurations
   979 | D:1      | Reached XP level 3. HP: 21/24 MP: 4/6
  1222 | D:1      | Reached skill level 4 in Ice Magic
  1802 | D:2      | Reached XP level 4. HP: 13/30 MP: 0/7
  2516 | D:3      | Noticed Ijyb
  2526 | D:3      | Killed Ijyb
  2526 | D:3      | Reached XP level 5. HP: 31/35 MP: 1/9
  2659 | D:2      | Slain by an orc wizard

Action                   |  1- 3 |  4- 6 || total
-------------------------+-------+-------++-------
Melee: Unarmed           |    74 |    50 ||   124
 Cast: Freeze            |    73 |    41 ||   114
       Throw Frost       |       |     1 ||     1
